 Dungeon Crawl Stone Soup version 0.28-a0-1174-g766a6a42ef (webtiles) character file.

Game seed: 2732484659847899832

2487 hazymike the Charlatan (level 9, -2/69 HPs)
             Began as a Formicid Artificer on Dec 16, 2021.
             Was a Priest of Zin.
             Slain by a water moccasin (5 damage)
             ... on level 7 of the Dungeon.
             The game lasted 01:00:17 (9257 turns).

hazymike the Charlatan (Formicid Artificer)         Turns: 9257, Time: 01:00:19

Health: -2/69      AC:  6    Str: 22    XL:     9   Next: 81%
Magic:  13/13      EV:  8    Int: 10    God:    Zin [***...]
Gold:   261        SH:  0    Dex: 11    Spells: 8/8 levels left

rFire   + . .      SeeInvis +   a - +1 war axe
rCold   + . .      Faith    .   (no shield)
rNeg    . . .      Spirit   .   v - +0 chain mail
rPois   .          Reflect  .   (helmet unavailable)
rElec   .          Harm     .   g - scarf {rC+ rF+}
rCorr   .          Rampage  .   (no gloves)
Will    .....                   (no boots)
Stlth   ..........              (no amulet)
HPRegen 0.21/turn               h - +4 ring of protection
MPRegen 0.13/turn               (no ring)

@: lethally poisoned (-2 -> -12), corroded
A: permanent stasis, dig shafts and tunnels, antennae 3, four strong arms
a: Dig, Shaft Self, Renounce Religion, Recite, Vitalisation, Imprison, Donate
Gold


You were on level 7 of the Dungeon.
You worshipped Zin.
Zin was most pleased with you.
You visited 1 branch of the dungeon, and saw 7 of its levels.

You collected 290 gold pieces.
You donated 29 gold pieces to Zin.

Inventory:

Hand Weapons
 a - a +1 war axe (weapon)
 b - a +2 dagger of venom
 y - a +0 hand axe of flaming
Missiles
 j - 58 stones
 r - 5 curare-tipped darts
 u - 2 boomerangs (quivered)
Armour
 e - +0 acid dragon scales
 g - a scarf of resistance (worn)
 v - a +0 chain mail (worn)
 x - a +2 kite shield of reflection
Magical Staves
 s - a staff of earth
Jewellery
 h - a +4 ring of protection (left hand)
 p - an amulet of magic regeneration
Wands
 c - a wand of flame (3)
 d - a wand of charming (13)
Scrolls
 i - 2 scrolls of amnesia
Potions
 f - 2 potions of heal wounds
 k - 2 potions of lignification {unknown}
 l - a potion of attraction {unknown}
 m - a potion of invisibility {unknown}
 n - 2 potions of ambrosia
 o - a potion of cancellation {unknown}
 q - a potion of curing
 t - a potion of haste
 w - a potion of brilliance {unknown}


   Skills:
 + Level 5.9 Fighting
 * Level 6.7 Axes
 + Level 6.1 Armour
 - Level 0.8 Dodging
 - Level 1.2 Stealth
 + Level 1.0 Shields
 + Level 5.5 Invocations
 + Level 6.8 Evocations


You had 8 spell levels left.
You didn't know any spells.
Your spell library was empty.

Dungeon Overview and Level Annotations

Branches:
Dungeon (7/15)             Temple (0/1) D:5

Altars:
Kikubaaqudgha
Okawaru
Yredelemnul
Zin

Portals:
Abyss: D:1***

Annotations:
D:5 3 runed translucent doors, bjarki66's ghost, novice SpEE


Innate Abilities, Weirdness & Mutations

You cannot be hasted, slowed, berserked, paralysed or teleported.
You can dig through walls and to a lower floor.
You have a pair of large antennae on your head. (SInv)
Your four strong arms can wield two-handed weapons with a shield.


Message History

The acid dragon bites you but does no damage.
The acid dragon claws you but does no damage.
The acid dragon bites you but does no damage.
The acid dragon claws you.
You slash the acid dragon!
The acid dragon is heavily wounded.
You slash the wyvern zombie! The wyvern zombie barely misses you.
The wyvern zombie bites you but does no damage.
The acid dragon spits acid at you. The splash of acid hits you!
The acid corrodes you!
You barely miss the acid dragon.
The acid dragon is heavily wounded.
You hit the wyvern zombie but do no damage.
The wyvern zombie bites you but does no damage.
A water moccasin comes into view.
The acid dragon bites you but does no damage.
The acid dragon claws you but does no damage.
You hit the acid dragon.
The acid dragon is almost dead.
You hit the wyvern zombie but do no damage.
The wyvern zombie bites you! The acid dragon bites you.
The acid dragon claws you.
You hit the acid dragon.
The acid dragon is almost dead.
You hit the water moccasin. The water moccasin bites you!
* * * LOW HITPOINT WARNING * * *
The acid dragon bites you!
* * * LOW HITPOINT WARNING * * *
The acid dragon claws you but does no damage.
The water moccasin bites you.
* * * LOW HITPOINT WARNING * * *
You are lethally poisoned!
The water moccasin poisons you!
You hit the acid dragon.
The acid dragon is almost dead.
You barely miss the water moccasin.
* * * LOW HITPOINT WARNING * * *
You feel very sick. The water moccasin bites you.
You die...

#.....#.#..<#'######
#####.###.#.#.#........#
............#..........#
#.....<#...#.#........#
#..##.##.#.#.#........#
... #.#..##........#
...#. #.#............#
#...#..#)##.####+######
.............ZD@SZ#
##.........#..###.# {
#...#._.#.##.###.# {
.#[......##.....## {
#.......##......#
#.#.#..###......#
#.#.#........#..# #
#.#####........#
#.#...(###


You could see a water moccasin, an acid dragon (catching breath), a water
moccasin zombie and a wyvern zombie.

Vanquished Creatures
  A two-headed ogre (D:5)
  Prince Ribbit (D:5)
  An acid dragon (D:5)
  An ice beast (D:5)
  2 sky beasts
  A black bear (D:5)
  2 ogres
  A centaur (D:5)
  4 scorpions
  2 water moccasin skeletons
  A howler monkey (D:7)
  A bullfrog zombie (D:5)
  2 orc priests
  2 jellies (D:5)
  2 bullfrog skeletons (D:6)
  4 iguanas
  4 orc wizards
  A killer bee zombie (D:6)
  A howler monkey zombie (D:6)
  2 howler monkey skeletons
  6 adders
  A white imp (D:6)
  An adder zombie (D:5)
  3 worms
  2 dart slugs
  16 orcs
  5 ball pythons
  2 bats
  10 endoplasms
  6 giant cockroaches
  5 goblins
  7 hobgoblins
  3 jackals (D:5)
  11 kobolds
  2 quokkas (D:1)
  2 frilled lizards (D:1)
  9 rats
127 creatures vanquished.

Vanquished Creatures (others)
  A black bear (D:5)
  An adder (D:6)
2 creatures vanquished.

Grand Total: 129 creatures vanquished

Notes
Turn   | Place    | Note
-------+----------+-------------------------------------------
     0 | D:1      | hazymike the Formicid Artificer began the quest for the
                  | Orb.
     0 | D:1      | Reached XP level 1. HP: 15/15 MP: 1/1
   208 | D:1      | Reached XP level 2. HP: 15/21 MP: 2/2
  1029 | D:1      | Reached XP level 3. HP: 26/27 MP: 3/3
  1662 | D:2      | Reached XP level 4. HP: 21/34 MP: 4/4
  1898 | D:2      | Found a glowing silver altar of Zin.
  2235 | D:2      | Became a worshipper of Zin the Law-Giver
  3041 | D:3      | Reached * piety under Zin
  3221 | D:3      | Reached XP level 5. HP: 39/39 MP: 5/5
  3501 | D:3      | Found a basalt altar of Yredelemnul.
  3502 | D:3      | Found an iron altar of Okawaru.
  3777 | D:2      | Reached skill level 1 in Axes
  3777 | D:2      | Reached skill level 1 in Invocations
  4100 | D:4      | Reached XP level 6. HP: 36/47 MP: 7/7
  4836 | D:5      | Entered Level 5 of the Dungeon
  4982 | D:5      | Found a runed translucent gate.
  4982 | D:5      | Found a runed translucent gate.
  4986 | D:5      | Found a runed translucent gate.
  4986 | D:5      | Noticed bjarki66's ghost (novice SpEE)
  5016 | D:5      | Reached XP level 7. HP: 49/52 MP: 8/8
  5488 | D:5      | Found a staircase to the Ecumenical Temple.
  5532 | D:5      | Reached ** piety under Zin
  5587 | D:5      | Reached skill level 5 in Evocations
  5736 | D:5      | Noticed a two-headed ogre
  5853 | D:5      | Killed a two-headed ogre
  5854 | D:5      | Reached skill level 5 in Armour
  5854 | D:5      | Reached XP level 8. HP: 61/61 MP: 9/11
  6602 | D:5      | Reached skill level 5 in Axes
  6880 | D:5      | Reached skill level 5 in Fighting
  6880 | D:5      | Reached XP level 9. HP: 60/68 MP: 12/12
  7130 | D:5      | Noticed Prince Ribbit
  7189 | D:5      | Killed Prince Ribbit
  7859 | D:5      | Reached skill level 5 in Invocations
  8842 | D:6      | Reached *** piety under Zin
  9090 | D:7      | Identified a scroll of acquirement
  9090 | D:7      | Acquired a +2 kite shield of reflection
  9199 | D:7      | Found an ancient bone altar of Kikubaaqudgha.
  9248 | D:7      | Reached skill level 1 in Shields
  9257 | D:7      | HP: 3/69 [poisoned by a water moccasin]
  9257 | D:7      | Slain by a water moccasin

Illustrated notes

Levels and vault maps discovered:
D:1:      minmay_arrival_glassed_features, layout_rooms, minmay_quantized
D:2:      layout_loops_ring, basic_altar,
          nicolae_concentric_dashed_squares_wild, dk_noncrumbling_3,
          minmay_liquid_box
D:3:      layout_basic, mainiacjoe_overflow_divided_tiny, kennysheep_crisscross
D:4:      layout_rooms, hex_large, minmay_crystal_water
D:5:      layout_basic, minmay_temple_entry_waves, ebering_ghost_rock_garden,
          uniq_prince_ribbit1
D:6:      layout_basic, chequers_serial_rivers_micro_b, grunt_ministairs_7
D:7:      layout_basic, mainiacjoe_overflow_tiny_flanked, enter_bailey_7

Skill      XL: |  1  2  3  4  5  6  7  8  9 |
---------------+----------------------------+-----
Fighting       | 2 3 4 5 |  5.9
Armour         | 3 5 6 |  6.1
Evocations     | 4 5 6 |  6.8
Axes           | 1 2 4 5 6 |  6.7
Invocations    | 1 2 4 5 |  5.5
Shields        | 1 |  1.0
Dodging        | |  0.8
Stealth        | |  1.2

Action                   |  1- 3 |  4- 6 |  7- 9 || total
-------------------------+-------+-------+-------++-------
Melee: Club              |    89 |       |       ||    89
       Whip              |    75 |    66 |       ||   141
       Dagger            |       |   142 |   116 ||   258
       War axe           |       |     1 |    87 ||    88
Throw: Stone             |       |    78 |       ||    78
       Boomerang         |       |     6 |    32 ||    38
       Dart              |       |     1 |    14 ||    15
Invok: Recite            |       |       |     1 ||     1
Evoke: Wand              |       |       |    14 ||    14
  Use: Scroll            |       |     5 |     5 ||    10
 Stab: Sleeping          |       |     1 |       ||     1
Armor: Leather armour    |    58 |    30 |       ||    88
       Chain mail        |       |    47 |   129 ||   176
       Ring mail         |       |     3 |       ||     3
Dodge: Dodged            |    92 |    80 |    77 ||   249

Table legend: (Time is in decaauts)
 A = Elapsed time spent in this place.
 B = Non-inter-level travel time spent in this place.
 C = Inter-level travel time spent in this place.
 D = Time resting spent in this place.
 E = Time spent auto-exploring this place.
 F = Levels seen in this place.
 G = Mean time per level.
                   A        B        C        D        E       F      G
               +--------+--------+--------+--------+--------+-----+--------+
         Total |   9354 |   8658 |    696 |   3228 |   3371 |   7 | 1336.3 |
       Dungeon |   9354 |   8658 |    696 |   3228 |   3371 |   7 | 1336.3 |
               +--------+--------+--------+--------+--------+-----+--------+

Top non-repeatable levels by time:
     D:5: 2413 daAuts
     D:1: 1765 daAuts
     D:4: 1657 daAuts
     D:3: 1197 daAuts
     D:2: 1123 daAuts
     D:6: 1094 daAuts
     D:7: 103 daAuts
